| TOP OF THE 1ST |
|
Chicago Cubs batting - Pitching for Colorado Rockies : RHP Colin Lancey Jr.
|
|
Pitching: RHP Colin Lancey Jr.
|
|
|
Batting: RHB David Casas
|
0-0: Foul Ball, location: 2F 0-1: Ball 1-1: Swinging Strike 1-2: Foul Ball, location: 2F 1-2: Foul Ball, location: 2F 1-2: Ball 2-2: Ball 3-2: SINGLE (Groundball, 34D, EV 105.0 MPH)
|
|
Batting: RHB Josh Kalman
|
0-0: DOUBLE (Line Drive, 89D, EV 105.0 MPH) David Casas to third
|
|
Batting: RHB Efrain Vargas
|
0-0: Ball 1-0: Ball 2-0: Ball 3-0: Base on Balls
|
|
Batting: LHB Kevin Norton
|
0-0: Called Strike 0-1: Ball 1-1: Called Strike 1-2: Fly out, F8 (Flyball, 78M, EV 87.5 MPH)
|
|
Batting: RHB Xavier Davis
|
0-0: Called Strike 0-1: Ball 1-1: Foul Ball, location: 2F 1-2: Foul Ball, location: 2F 1-2: Strikes out swinging
|
|
Batting: RHB Alan Oxenrider
|
0-0: Fly out, F8 (Flyball, 78M, EV 81.9 MPH)
|
| Top of the 1st over - 0 runs, 2 hits, 0 errors, 3 left on base; Chicago 0 - Colorado 0 |
| BOTTOM OF THE 1ST |
|
Colorado Rockies batting - Pitching for Chicago Cubs : LHP Jose Carrillo
|
|
Pitching: LHP Jose Carrillo
|
|
|
Batting: LHB Freddy Troncoso
|
0-0: Called Strike 0-1: Foul Ball, location: 2F 0-2: Strikes out swinging
|
|
Batting: RHB Henry Alvizo
|
0-0: Ball 1-0: Swinging Strike 1-1: Foul Ball, location: 2F 1-2: Ball 2-2: Foul Ball, location: 2F 2-2: Strikes out swinging
|
|
Batting: LHB Shawn Morrison
|
0-0: Ball 1-0: Called Strike 1-1: Ball 2-1: Ball 3-1: Called Strike 3-2: Base on Balls
|
|
Batting: RHB Jason Andrews
|
0-0: Called Strike 0-1: Foul Ball, location: 2F 0-2: Ball 1-2: Ball 2-2: Strikes out swinging
|
| Bottom of the 1st over - 0 runs, 0 hits, 0 errors, 1 left on base; Chicago 0 - Colorado 0 |
| TOP OF THE 2ND |
|
Chicago Cubs batting - Pitching for Colorado Rockies : RHP Colin Lancey Jr.
|
|
Batting: RHB Heef Harted
|
0-0: Called Strike 0-1: Ball 1-1: Ground out 4-3 (Groundball, 4S, EV 83.8 MPH)
|
|
Batting: RHB Jose Balderrama
|
0-0: Foul Ball, location: 2F 0-1: Ball 1-1: Called Strike 1-2: Ball 2-2: Strikes out swinging
|
|
Batting: RHB Kanehisa Kubo
|
0-0: Called Strike 0-1: Ball 1-1: Foul Ball, location: 2F 1-2: Ball 2-2: Ball 3-2: Foul Ball, location: 2F 3-2: Base on Balls
|
|
Batting: RHB David Casas
|
0-0: Ball 1-0: Called Strike 1-1: Ball 2-1: Called Strike 2-2: Foul Ball, location: 2F 2-2: Strikes out looking
|
| Top of the 2nd over - 0 runs, 0 hits, 0 errors, 1 left on base; Chicago 0 - Colorado 0 |
| BOTTOM OF THE 2ND |
|
Colorado Rockies batting - Pitching for Chicago Cubs : LHP Jose Carrillo
|
|
Batting: RHB Joel Haycock
|
0-0: Foul Ball, location: 2F 0-1: Ball 1-1: Ball 2-1: TRIPLE (Line Drive, 8LXD, EV 105.0 MPH)
|
|
Batting: SHB Andy Vivas
|
0-0: Ball 1-0: Foul Ball, location: 2F 1-1: Foul Ball, location: 2F 1-2: Foul Ball, location: 2F 1-2: Fly out, F9 (Flyball, 8RM, EV 83.1 MPH)
|
|
Batting: RHB Ryan Rinaldi
|
0-0: Called Strike 0-1: Ball 1-1: Ground out 5-3 (Groundball, 56, EV 91.2 MPH) Joel Haycock scores
|
|
Batting: SHB Billy Encinias
|
0-0: Called Strike 0-1: Called Strike 0-2: SOLO HOME RUN (Line Drive, 7D, EV 94.4 MPH), Distance : 379 ft
|
|
Batting: RHB Sterling Acosta
|
0-0: Ground out U3 (Groundball, 3, EV 88.1 MPH)
|
| Bottom of the 2nd over - 2 runs, 2 hits, 0 errors, 0 left on base; Chicago 0 - Colorado 2 |
| TOP OF THE 3RD |
|
Chicago Cubs batting - Pitching for Colorado Rockies : RHP Colin Lancey Jr.
|
|
Batting: RHB Josh Kalman
|
0-0: Called Strike 0-1: Fly out, F8 (Line Drive, 78M, EV 104.4 MPH)
|
|
Batting: RHB Efrain Vargas
|
0-0: Ball 1-0: Called Strike 1-1: Ball 2-1: Ground out 3-1 (Groundball, 34S, EV 81.9 MPH)
|
|
Batting: LHB Kevin Norton
|
0-0: Foul Ball, location: 2F 0-1: Ball 1-1: Foul Ball, location: 2F 1-2: Foul Ball, location: 2F 1-2: Ball 2-2: SINGLE (Groundball, 34D, EV 103.8 MPH)
|
|
Batting: RHB Xavier Davis
|
0-0: Ball 1-0: SINGLE (Groundball, 4MS, EV 73.1 MPH) (infield hit) Kevin Norton to second
|
|
Batting: RHB Alan Oxenrider
|
0-0: Foul Ball, location: 2F 0-1: Foul Ball, location: 2F 0-2: Foul Ball, location: 2F 0-2: Strikes out swinging
|
| Top of the 3rd over - 0 runs, 2 hits, 0 errors, 2 left on base; Chicago 0 - Colorado 2 |
| BOTTOM OF THE 3RD |
|
Colorado Rockies batting - Pitching for Chicago Cubs : LHP Jose Carrillo
|
|
Batting: LHB Freddy Troncoso
|
0-0: Ball 1-0: Ball 2-0: Ball 3-0: Base on Balls
|
|
Batting: RHB Henry Alvizo
|
0-0: Sac Bunt to 5S - play at first, batter OUT! 5-3 Freddy Troncoso to second
|
|
Batting: LHB Shawn Morrison
|
0-0: Ball 1-0: SINGLE (Groundball, 34D, EV 103.1 MPH) Freddy Troncoso to third Runner from 3rd tries for Home, throw by RF and OUT! 9-2
|
|
Batting: RHB Jason Andrews
|
0-0: Ball 1-0: Called Strike 1-1: Called Strike 1-2: Ball 2-2: Ball 3-2: SINGLE (Groundball, 56D, EV 111.2 MPH) Shawn Morrison to second Shawn Morrison to third
|
|
Batting: RHB Joel Haycock
|
0-0: Called Strike 0-1: Ball 1-1: Foul Ball, location: 2F 1-2: Foul Ball, location: 2F 1-2: Ball 2-2: Foul Ball, location: 2F 2-2: SINGLE (Groundball, 34D, EV 99.4 MPH) Shawn Morrison scores Jason Andrews to second Runner from 2nd tries for 3rd, SAFE, throw by RF made to third
|
|
Batting: SHB Andy Vivas
|
0-0: Ball 1-0: Called Strike 1-1: SINGLE (Line Drive, 56D, EV 104.4 MPH) Jason Andrews scores Joel Haycock to second
|
|
Batting: RHB Ryan Rinaldi
|
0-0: Ball 1-0: Called Strike 1-1: SINGLE (Groundball, 34D, EV 95.0 MPH) Joel Haycock to third Andy Vivas to second
|
|
Batting: SHB Billy Encinias
|
0-0: Called Strike 0-1: Ball 1-1: Ball 2-1: Foul Ball, location: 2F 2-2: Fielders Choice at 2nd, 6-4 (Groundball, 6, EV 104.4 MPH)
|
| Bottom of the 3rd over - 2 runs, 5 hits, 0 errors, 3 left on base; Chicago 0 - Colorado 4 |
| TOP OF THE 4TH |
|
Chicago Cubs batting - Pitching for Colorado Rockies : RHP Colin Lancey Jr.
|
|
Batting: RHB Heef Harted
|
0-0: Ball 1-0: Swinging Strike 1-1: Foul Ball, location: 2F 1-2: Foul Ball, location: 2F 1-2: Ball 2-2: Ball 3-2: Foul Ball, location: 2F 3-2: Strikes out swinging
|
|
Batting: RHB Jose Balderrama
|
0-0: Foul Ball, location: 2F 0-1: Ball 1-1: Ground out 6-3 (Groundball, 6, EV 83.8 MPH)
|
|
Batting: RHB Kanehisa Kubo
|
0-0: DOUBLE (Groundball, 5L, EV 95.0 MPH)
|
|
Batting: RHB David Casas
|
0-0: Called Strike 0-1: Called Strike 0-2: Ball 1-2: SINGLE (Line Drive, 9LS, EV 106.2 MPH) Kanehisa Kubo to third Runner from 3rd tries for Home, SAFE, throw by RF to home
|
|
Batting: RHB Josh Kalman
|
0-0: Ball 1-0: Ball David Casas is caught stealing 2nd base 2-4
|
| Top of the 4th over - 1 run, 2 hits, 0 errors, 0 left on base; Chicago 1 - Colorado 4 |
| BOTTOM OF THE 4TH |
|
Colorado Rockies batting - Pitching for Chicago Cubs : LHP Jose Carrillo
|
|
Batting: RHB Sterling Acosta
|
0-0: Ball 1-0: Called Strike 1-1: Ball 2-1: Ball 3-1: Swinging Strike 3-2: Strikes out swinging
|
|
Batting: LHB Freddy Troncoso
|
0-0: Foul Ball, location: 2F 0-1: Ball 1-1: Foul Ball, location: 2F 1-2: Strikes out swinging
|
|
Batting: RHB Henry Alvizo
|
0-0: Foul Ball, location: 2F 0-1: Foul Ball, location: 2F 0-2: Ball 1-2: Strikes out looking
|
| Bottom of the 4th over - 0 runs, 0 hits, 0 errors, 0 left on base; Chicago 1 - Colorado 4 |
| TOP OF THE 5TH |
|
Chicago Cubs batting - Pitching for Colorado Rockies : RHP Colin Lancey Jr.
|
|
Batting: RHB Josh Kalman
|
0-0: Ball 1-0: Called Strike 1-1: TRIPLE (Flyball, 89XD, EV 92.5 MPH)
|
|
Batting: RHB Efrain Vargas
|
0-0: Foul Ball, location: 2F 0-1: Ball 1-1: Foul Ball, location: 2F 1-2: Ball 2-2: Foul Ball, location: 2F 2-2: SINGLE (Line Drive, 7S, EV 100.0 MPH) Josh Kalman scores
|
|
Batting: LHB Kevin Norton
|
0-0: Fly out, F8 (Flyball, 8LM, EV 86.9 MPH)
|
|
Batting: RHB Xavier Davis
|
0-0: Called Strike 0-1: Swinging Strike 0-2: Fly out, F3 (Popup, 34S, EV 79.4 MPH)
|
|
Batting: RHB Alan Oxenrider
|
0-0: Called Strike 0-1: Ball 1-1: Ball 2-1: DOUBLE (Groundball, 5L, EV 101.9 MPH) Efrain Vargas to third Runner from 3rd tries for Home, SAFE, throw by LF to trailing runner, SAFE at third!
|
|
Batting: RHB Heef Harted
|
0-0: Ball 1-0: Called Strike 1-1: Swinging Strike 1-2: Ball 2-2: Ball 3-2: 2-RUN HOME RUN (Flyball, 7D, EV 102.5 MPH), Distance : 386 ft
|
|
Pitching: LHP Xu-gang Zhou
|
|
|
Batting: RHB Jose Balderrama
|
0-0: Ball 1-0: Ground out 5-3 (Groundball, 56, EV 79.4 MPH)
|
| Top of the 5th over - 4 runs, 4 hits, 0 errors, 0 left on base; Chicago 5 - Colorado 4 |
| BOTTOM OF THE 5TH |
|
Colorado Rockies batting - Pitching for Chicago Cubs : LHP Jose Carrillo
|
|
Batting: LHB Shawn Morrison
|
0-0: Foul Ball, location: 2F 0-1: Called Strike 0-2: Strikes out swinging
|
|
Batting: RHB Jason Andrews
|
0-0: Ground out 5-3 (Groundball, 56S, EV 68.1 MPH)
|
|
Batting: RHB Joel Haycock
|
0-0: Called Strike 0-1: Ball 1-1: Ball 2-1: Foul Ball, location: 2F 2-2: Foul Ball, location: 2F 2-2: Strikes out looking
|
| Bottom of the 5th over - 0 runs, 0 hits, 0 errors, 0 left on base; Chicago 5 - Colorado 4 |
| TOP OF THE 6TH |
|
Chicago Cubs batting - Pitching for Colorado Rockies : LHP Xu-gang Zhou
|
|
Batting: RHB Kanehisa Kubo
|
0-0: Ball 1-0: Foul Ball, location: 2F 1-1: Ground out 5-3 (Groundball, 56S, EV 89.4 MPH)
|
|
Batting: RHB David Casas
|
0-0: Ball 1-0: Foul Ball, location: 2F 1-1: Called Strike 1-2: Foul Ball, location: 2F 1-2: Strikes out swinging
|
|
Batting: RHB Josh Kalman
|
0-0: Ball 1-0: Fly out, F7 (Line Drive, 7S, EV 88.1 MPH)
|
| Top of the 6th over - 0 runs, 0 hits, 0 errors, 0 left on base; Chicago 5 - Colorado 4 |
| BOTTOM OF THE 6TH |
|
Colorado Rockies batting - Pitching for Chicago Cubs : LHP Jose Carrillo
|
|
Batting: SHB Andy Vivas
|
0-0: Called Strike 0-1: Foul Ball, location: 2F 0-2: Foul Ball, location: 2F 0-2: Ball 1-2: Foul Ball, location: 2F 1-2: Ball 2-2: Strikes out swinging
|
|
Batting: RHB Ryan Rinaldi
|
0-0: Fly out, F5 (Line Drive, 56, EV 63.1 MPH)
|
|
Batting: SHB Billy Encinias
|
0-0: Ball 1-0: Ball 2-0: Ball 3-0: Base on Balls
|
|
Pitching: LHP Mike Alexander
|
|
|
Batting: RHB Sterling Acosta
|
0-0: Ball 1-0: Called Strike Billy Encinias is caught stealing 2nd base 2-4
|
| Bottom of the 6th over - 0 runs, 0 hits, 0 errors, 0 left on base; Chicago 5 - Colorado 4 |
| TOP OF THE 7TH |
|
Chicago Cubs batting - Pitching for Colorado Rockies : LHP Xu-gang Zhou
|
|
Batting: RHB Efrain Vargas
|
0-0: Ball 1-0: Ball 2-0: Ground out 1-3 (Groundball, 13S, EV 73.8 MPH)
|
|
Batting: LHB Kevin Norton
|
0-0: TRIPLE (Flyball, 89XD, EV 106.2 MPH)
|
|
Batting: RHB Xavier Davis
|
0-0: Called Strike 0-1: Fly out, F8 (Flyball, 78M, EV 96.9 MPH)
|
|
Batting: RHB Alan Oxenrider
|
0-0: SINGLE (Flyball, 8LS, EV 87.5 MPH) Kevin Norton scores
|
|
Batting: RHB Heef Harted
|
0-0: Ground out 5-3 (Groundball, 56S, EV 81.9 MPH)
|
| Top of the 7th over - 1 run, 2 hits, 0 errors, 1 left on base; Chicago 6 - Colorado 4 |
| BOTTOM OF THE 7TH |
|
Colorado Rockies batting - Pitching for Chicago Cubs : LHP Mike Alexander
|
|
Batting: RHB Sterling Acosta
|
0-0: Ground out 5-3 (Groundball, 56S, EV 79.4 MPH)
|
|
Batting: LHB Freddy Troncoso
|
0-0: Ground out U3 (Groundball, 3, EV 86.9 MPH)
|
|
Batting: RHB Henry Alvizo
|
0-0: Ball 1-0: SINGLE (Groundball, 6MD, EV 94.4 MPH)
|
|
Batting: LHB Shawn Morrison
|
0-0: Ball 1-0: Ball 2-0: Fly out, F5 (Popup, 56, EV 68.8 MPH)
|
| Bottom of the 7th over - 0 runs, 1 hit, 0 errors, 1 left on base; Chicago 6 - Colorado 4 |
| TOP OF THE 8TH |
|
Chicago Cubs batting - Pitching for Colorado Rockies : LHP Xu-gang Zhou
|
|
Pitching: RHP Mitch Guerrero
|
|
|
Batting: RHB Jose Balderrama
|
0-0: Ball 1-0: Fly out, F7 (Flyball, 7D, EV 98.8 MPH)
|
|
Batting: RHB Kanehisa Kubo
|
0-0: Called Strike 0-1: Foul Ball, location: 2F 0-2: Strikes out swinging
|
|
Batting: RHB David Casas
|
0-0: Fly out, F8 (Flyball, 8RD, EV 103.8 MPH)
|
| Top of the 8th over - 0 runs, 0 hits, 0 errors, 0 left on base; Chicago 6 - Colorado 4 |
| BOTTOM OF THE 8TH |
|
Colorado Rockies batting - Pitching for Chicago Cubs : LHP Mike Alexander
|
|
Batting: RHB Jason Andrews
|
0-0: Ball 1-0: Ball 2-0: Called Strike 2-1: Swinging Strike 2-2: Foul Ball, location: 2F 2-2: Ground out 4-3 (Groundball, 4, EV 103.1 MPH)
|
|
Batting: RHB Joel Haycock
|
0-0: SINGLE (Groundball, 6D, EV 97.5 MPH)
|
|
Batting: SHB Andy Vivas
|
0-0: Ball 1-0: Ball 2-0: Called Strike 2-1: Ball 3-1: Grounds out, U3 (Groundball, 3L, EV 101.2 MPH)
|
|
Batting: RHB Ryan Rinaldi
|
0-0: Called Strike 0-1: Foul Ball, location: 2F 0-2: Ball 1-2: SINGLE (Groundball, 23, EV 73.8 MPH) (infield hit) Joel Haycock to third
|
|
Batting: SHB Billy Encinias
|
0-0: Ball 1-0: Fielders Choice at 2nd, 6-4 (Groundball, 56D, EV 87.5 MPH)
|
| Bottom of the 8th over - 0 runs, 2 hits, 0 errors, 2 left on base; Chicago 6 - Colorado 4 |
| TOP OF THE 9TH |
|
Chicago Cubs batting - Pitching for Colorado Rockies : RHP Mitch Guerrero
|
|
Pitching: RHP Tye Dickinson
|
|
|
Pinch Hitting: SHB Moe Lester
|
0-0: Ball 1-0: Swinging Strike 1-1: Foul Ball, location: 2F 1-2: Strikes out swinging
|
|
Batting: RHB Efrain Vargas
|
0-0: Ball 1-0: Ball 2-0: SINGLE (Line Drive, 34D, EV 99.4 MPH)
|
|
Batting: LHB Kevin Norton
|
0-0: Called Strike 0-1: Ball 1-1: Ball 2-1: Ball 3-1: Grounds into double play, 5-4-3 (Groundball, 5, EV 78.8 MPH)
|
| Top of the 9th over - 0 runs, 1 hit, 0 errors, 0 left on base; Chicago 6 - Colorado 4 |
| BOTTOM OF THE 9TH |
|
Colorado Rockies batting - Pitching for Chicago Cubs : LHP Mike Alexander
|
|
Pitching: LHP George Poirier
|
|
|
Now in RF: Moe Lester
|
|
|
Batting: RHB Sterling Acosta
|
0-0: Ball 1-0: Called Strike 1-1: Swinging Strike 1-2: Foul Ball, location: 2F 1-2: Foul Ball, location: 2F 1-2: Foul Ball, location: 2F 1-2: Strikes out looking
|
|
Batting: LHB Freddy Troncoso
|
0-0: Foul Ball, location: 2F 0-1: Swinging Strike 0-2: Ball 1-2: Strikes out swinging
|
|
Batting: RHB Henry Alvizo
|
0-0: Ball 1-0: DOUBLE (Groundball, 5L, EV 106.9 MPH)
|
|
Batting: LHB Shawn Morrison
|
0-0: Ball 1-0: Foul Ball, location: 2F 1-1: Called Strike 1-2: Strikes out swinging
|
| Bottom of the 9th over - 0 runs, 1 hit, 0 errors, 1 left on base; Chicago 6 - Colorado 4 |
|